 Dungeon Crawl Stone Soup version 0.30-a0-760-g5a9884bb7c (webtiles) character file.

Game seed: 9057251676757234021

240 sanka the Cudgeller (level 6, -1/61 HPs)
             Began as an Ogre Gladiator on Feb 10, 2023.
             Hit by a silver boomerang thrown by an orc (4 damage)
             ... on level 4 of the Dungeon.
             The game lasted 00:04:27 (3638 turns).

sanka the Cudgeller (Ogre Gladiator)                Turns: 3638, Time: 00:04:28

Health: -1/61      AC:  3    Str: 21    XL:     6   Next: 8%
Magic:  6/6        EV: 10    Int:  9    God:
Gold:   105        SH:  0    Dex: 10    Spells: 5/5 levels left

rFire   . . .      SeeInvis .    a - +0 flail
rCold   . . .      Faith    .    (no shield)
rNeg    . . .      Spirit   .    b - +0 robe
rPois   .          Reflect  .    c - +0 hat
rElec   .          Harm     .    (no cloak)
rCorr   .          Rampage  .    (gloves unavailable)
Will    .....                    (boots unavailable)
Stlth   +                        (no amulet)
HPRegen 0.30/turn                (no ring)
MPRegen 0.10/turn                i - ring of wizardry

@: no status effects
A: large, unfitting armour, tough skin 1
a: no special abilities


You were on level 4 of the Dungeon.
You visited 1 branch of the dungeon, and saw 4 of its levels.

You collected 105 gold pieces.


Innate Abilities, Weirdness & Mutations

You are too large for most types of armour.
You have tough skin. (AC +1)


   Skills:
 - Level 3.0 Fighting
 * Level 6.0 Maces & Flails
 - Level 2.0 Throwing
 - Level 2.6 Dodging


You had 5 spell levels left.
You didn't know any spells.
Your spell library contained the following spells:

 Spells                   Type           Power      Damage    Failure   Level
 Call Canine Familiar     Summ           0%         N/A       43%         3
 Gell's Gravitas          Tloc           0%         N/A       43%         3
 Portal Projectile        Hex/Tloc       0%         N/A       43%         3
 Teleport Other           Tloc           0%         N/A       43%         3
 Leda's Liquefaction      Hex/Erth       0%         N/A       82%         4
 Dispersal                Tloc           0%         N/A       100%        6

Inventory:

Hand Weapons
 a - a +0 flail (weapon)
Missiles
 d - 3 throwing nets (quivered) {=f}
 e - a large rock {=f}
Armour
 b - a +0 robe (worn)
 c - a +0 hat (worn)
Jewellery
 i - a ring of wizardry (right hand)
Wands
 q - a wand of paralysis (1)
 r - a wand of flame (17)
Scrolls
 f - 2 scrolls of identify {unknown}
 j - 3 scrolls of immolation {unknown}
 n - 3 scrolls of teleportation {unknown}
 p - a scroll of noise {unknown}
Potions
 g - a potion of lignification {unknown}
 h - a potion of heal wounds {unknown}
 k - a potion of degeneration {unknown}
 l - a potion of curing {unknown}
 m - 2 potions of might {unknown}
 o - a potion of flight {unknown}

Dungeon Overview and Level Annotations

Branches:
Dungeon (4/15)
 Temple: D:4-7

Altars:

Shops:
D:4

: .▒▒
▒▒..▒▒...▒ ▒▒▒
.▒ ▒......▒▒
▒▒▒ .▒
▒......▒▒▒▒▒▒.▒
.▒
▒▒...........▒▒
.▒
▒.....>....▒▒▒
....▒......▒▒
...▒▒▒.....▒
... ▒.....▒ ..
▒▒▒..O.▒
▒...)..▒
.......oo▒
......▒▒....
▒...▒▒ ▒▒▒.▒▒
▒.▒▒ .▒ .. .▒
.. ▒


You could see 2 orcs.


Message History

The endoplasm freezes you.
You are frozen.
The orc priest hits you with a +0 dagger.
You hit the orc priest but do no damage.
The orc priest is almost dead.
The orc priest mumbles some strange prayers to Beogh against you.
Beogh smites you!
* * * LOW HITPOINT WARNING * * *
The endoplasm freezes you.
You are frozen.
* * * LOW HITPOINT WARNING * * *
You hit the orc priest.
You kill the orc priest!
The orc hits you from afar with a +0 trident.
* * * LOW HITPOINT WARNING * * *
The endoplasm hits you.
* * * LOW HITPOINT WARNING * * *
You have reached level 6!
You feel stronger.
You hit the endoplasm.
You kill the endoplasm!
The orc hits you from afar with a +0 trident.
* * * LOW HITPOINT WARNING * * *
Your Maces & Flails skill increases to level 6!
The orc attacks as you move away! The orc hits you with a +0 short sword.
* * * LOW HITPOINT WARNING * * *
The orc throws a silver boomerang.
The silver boomerang hits you.
You die...

Action                     |  1- 3 |  4- 6 || total
---------------------------+-------+-------++-------
  Melee: Flail             |   154 |   132 ||   286
         Punch             |       |     1 ||     1
   Stab: Sleeping          |     1 |       ||     1
 Armour: Robe              |    57 |    22 ||    79
  Dodge: Dodged            |    86 |    75 ||   161

Levels and vault maps discovered:
D:1:      wheals_arrival_shading, layout_loops_ring, minmay_misc_feat_alley
D:2:      layout_basic
D:3:      layout_loops_ring, shapermc_ecumenical_altar_mp_ritualfount
D:4:      layout_layer_cave, minmay_temple_entry_tees, serial_shops,
          nicolae_shop_stone

Notes
Turn   | Place    | Note
-------+----------+-------------------------------------------
     0 | D:1      | sanka the Ogre Gladiator began the quest for the Orb.
     0 | D:1      | Reached XP level 1. HP: 22/22 MP: 1/1
    46 | D:1      | Reached skill level 3 in Fighting
    85 | D:1      | Reached skill level 3 in Maces & Flails
    85 | D:1      | Reached XP level 2. HP: 19/31 MP: 2/2
   601 | D:1      | Reached XP level 3. HP: 37/37 MP: 3/3
  1208 | D:2      | Reached skill level 4 in Maces & Flails
  1822 | D:2      | Reached XP level 4. HP: 24/45 MP: 4/4
  2496 | D:3      | Reached XP level 5. HP: 50/53 MP: 5/5
  2510 | D:3      | Reached skill level 5 in Maces & Flails
  2697 | D:3      | Found a faded altar of an unknown god.
  3455 | D:4      | Found Vorapiuzu's Book Emporium.
  3637 | D:4      | Reached XP level 6. HP: 7/61 MP: 6/6
  3637 | D:4      | HP: 4/61 [orc/+0 trident (4)]
  3638 | D:4      | Reached skill level 6 in Maces & Flails
  3638 | D:4      | Hit by a silver boomerang thrown by an orc

Vanquished Creatures
  2 orc priests
  A hound (D:4)
  An orc wizard (D:3)
  2 adders (D:3)
  3 worms
  4 dart slugs
  11 orcs
  4 ball pythons
  7 endoplasms
  7 giant cockroaches
  5 hobgoblins
  5 quokkas
  6 bats
  2 frilled lizards
  7 goblins
  8 kobolds
  4 rats
79 creatures vanquished.

Vanquished Creatures (others)
  3 fungi (D:3)
  4 plants (D:3)
7 creatures vanquished.

Grand Total: 86 creatures vanquished
